 Dungeon Crawl Stone Soup version 0.29.1-1-gd02db6906a (webtiles) character file.

Game seed: 17742759533924464634

12039 Linkola the Basher (level 11, 0/95 HPs)
             Began as a Minotaur Fighter on Oct 9, 2022.
             Was an Elder of Wu Jian.
             Slain by Urug
             ... wielding a +5 long sword of electrocution
              (27 damage)
             ... on level 11 of the Dungeon on Oct 11, 2022.
             The game lasted 00:32:19 (10371 turns).

Linkola the Basher (Minotaur Fighter)              Turns: 10371, Time: 00:32:19

Health: 0/95       AC: 16    Str: 28    XL:     11   Next: 57%
Magic:  0/10       EV: 20    Int:  5    God:    Wu Jian [****..]
Gold:   304        SH:  5    Dex: 13    Spells: 10/10 levels left

rFire   + + +      SeeInvis .   D - +7 dagger of Janiaxti {freeze, Contam rElec rF+++ Dex+4}
rCold   . . .      Faith    .   c - +0 buckler
rNeg    . . .      Spirit   +   b - +1 scale mail
rPois   .          Reflect  .   (helmet restricted)
rElec   +          Harm     +   (no cloak)
rCorr   .          Rampage  .   q - +2 pair of gloves
Will    .....                   B - +2 pair of boots "Nesuuhor" {Harm Drain Str+2}
Stlth   ..........              x - amulet of guardian spirit
HPRegen 0.25/turn               v - +4 ring of slaying
MPRegen 0.12/turn               A - ring of the Hare {EV+8}

@: no status effects
A: horns 2, retaliatory headbutt
a: Renounce Religion, Wall Jump, Serpent's Lash


You were on level 11 of the Dungeon.
You worshipped Wu Jian.
Wu Jian was greatly pleased with you.
You visited 2 branches of the dungeon, and saw 12 of its levels.

You collected 1840 gold pieces.
You spent 1536 gold pieces at shops.

Inventory:

Hand Weapons
 j - a +3 spectral whip
 C - the +2 trident of Oenomania {holy, Str+4}
   (You took it off a spriggan on level 9 of the Dungeon)

   It has been blessed by the Shining One to cause great damage to the undead
   and demons.
   Str:       It affects your strength (+4).
 D - the +7 dagger of Janiaxti (weapon) {freeze, Contam rElec rF+++ Dex+4}
   (You took it off a kobold on level 9 of the Dungeon)

   It freezes those it strikes, dealing additional cold damage.
   It can also slow down cold-blooded creatures.
   Dex:       It affects your dexterity (+4).
   rF:        It renders you almost immune to fire.
   rElec:     It insulates you from electricity.
   Contam:    It causes magical contamination when unequipped.
Missiles
 f - 20 poisoned darts
 h - 5 stones (quivered)
 m - 6 curare-tipped darts
 y - 2 throwing nets
Armour
 b - a +1 scale mail (worn)
 c - a +0 buckler (worn)
 q - a +2 pair of gloves (worn)
 B - the +2 pair of boots "Nesuuhor" (worn) {Harm Drain Str+2}
   (You found it on level 7 of the Dungeon)

   Str:       It affects your strength (+2).
   Drain:     It drains your maximum health when unequipped.
   Harm:      It increases damage dealt and taken.
Jewellery
 o - a ring of see invisible
 v - a +4 ring of slaying (left hand)
 x - an amulet of guardian spirit (around neck)
 A - the ring of the Hare (right hand) {EV+8}
   (You bought it in a shop on level 9 of the Dungeon)

   [ring of evasion]

   EV:        It affects your evasion (+8).
Wands
 g - a wand of quicksilver (8)
 s - a wand of digging (3)
 t - a wand of paralysis (25)
 w - a wand of iceblast (17)
 E - a wand of polymorph (6)
 G - a wand of flame (7)
Scrolls
 e - 5 scrolls of teleportation
 i - 4 scrolls of magic mapping
 p - 3 scrolls of enchant armour
 u - a scroll of summoning
Potions
 a - 5 potions of berserk rage
 d - 3 potions of might
 k - a potion of flight {unknown}
 l - 6 potions of curing
 n - 2 potions of attraction {unknown}
 r - 2 potions of heal wounds
 z - 4 potions of invisibility
 F - 2 potions of haste {unknown}


   Skills:
 + Level 8.7 Fighting
 + Level 3.4 Short Blades
 + Level 11.1 Maces & Flails
 + Level 3.4 Polearms
 + Level 8.3 Throwing
 + Level 10.8 Armour
 * Level 6.4 Dodging
 + Level 6.9 Shields


You had 10 spell levels left.
You didn't know any spells.
Your spell library contained the following spells:

 Spells                   Type           Power      Damage    Failure   Level
 Foxfire                  Conj/Fire      0%         2x1d4     77%         1
 Conjure Flame            Conj/Fire      0%         6-21      98%         3
 Inner Flame              Hex/Fire       0%         N/A       98%         3
 Tukima's Dance           Hex            0%         N/A       98%         3
 Animate Armour           Summ/Erth      0%         N/A       100%        4
 Flame Wave               Conj/Fire      0%         2d4       100%        4
 Passage of Golubria      Tloc           0%         N/A       100%        4
 Blade Hands              Tmut           0%         N/A       100%        5
 Yara's Violent Unravell  Hex/Tmut       0%         3d3       100%        5
 Iron Shot                Conj/Erth      0%         9d1       100%        6


Dungeon Overview and Level Annotations

Branches:
Dungeon (11/15)            Temple (1/1) D:4            Lair (0/5) D:10
    Orc (0/2) D:9

Altars:
Ashenzari
Cheibriados
Dithmenos
Elyvilon
Fedhas
Gozag
Hepliaklqana
Kikubaaqudgha
Makhleb
Nemelex Xobeh
Okawaru
Qazlal
Ru
Sif Muna
Trog
Uskayaw
Vehumet
Wu Jian
Xom
Yredelemnul
Zin
The Shining One

Shops:
D:3 (   D:5 *   D:9 *

Annotations:
D:11 Urug


Innate Abilities, Weirdness & Mutations

You have a pair of horns on your head.
You reflexively headbutt those who attack you in melee.


Message History

You spin and attack the orc.
You puncture the orc! You freeze the orc.
You kill the orc!
The Council accepts your kill.
Urug hits you with a +5 long sword of electrocution!
You spin and attack Urug.
You hit Urug. You freeze Urug.
Urug is heavily wounded.
The orc priest invokes the aid of Beogh against you.
Beogh smites you! The orc warrior misses you. Urug misses you.
You spin and attack Urug.
You hit Urug. You freeze Urug. You headbutt Urug, but do no damage.
Urug is severely wounded.
The orc warrior hits you from afar with a +0 glaive!
Urug barely misses you.
You spin and attack Urug.
You hit Urug but do no damage. You headbutt Urug!
Urug is almost dead.
You spin and attack the orc priest.
You closely miss the orc priest. The orc priest misses you.
The orc warrior misses you. You furiously retaliate!
You headbutt the orc warrior, but do no damage.
Urug hits you with a +5 long sword of electrocution.
You spin and attack Urug.
You closely miss Urug.
Urug is almost dead.
You spin and attack the orc warrior.
You hit the orc warrior but do no damage.
Your headbutt misses the orc warrior. The orc warrior completely misses you.
You furiously retaliate!
You headbutt the orc warrior! You block Urug's attack.
You puncture the orc priest! You freeze the orc priest!
You kill the orc priest!
The Council accepts your kill.
The orc warrior hits you with a +0 glaive!
Urug hits you with a +5 long sword of electrocution.
* * * LOW HITPOINT WARNING * * *
You spin and attack Urug.
You miss Urug.
Urug is severely wounded.
The orc warrior completely misses you.
Urug screams, "Revenge!"
Urug misses you.
You hit Urug. You freeze Urug.
Urug is almost dead.
Urug hits you with a +5 long sword of electrocution!!
You die...

....... ....###
.......###....###
..?.....#.....###
.................##
...................
#..................
..... #............
.....###..)........
......#...o@.......
..........)........
...........o###....
...........#####...
...........#####...
###........#####...
####........###...#
####...............
####....^..........


You could see Urug and an orc warrior.

Vanquished Creatures
  The ghost of SnailSD the Cleaver, a journeyman MiBe of Trog (D:9)
  An ogre mage (D:10)
  A centaur warrior (D:10)
  A two-headed ogre (D:6)
  A wizard (D:10)
  Pikel (D:5)
  A cyclops (D:10)
  Maurice (D:9)
  Joseph (D:9)
  The ghost of manix the Magician, a novice GrEE (D:8)
  An unseen horror (D:10)
  A troll (D:9)
  A polar bear (D:9)
  Sigmund (D:3)
  3 spriggans (D:9)
  2 shadows (D:9)
  5 humans (D:7)
  A wyvern (D:8)
  9 yaks
  A water moccasin (D:6)
  5 ice beasts
  2 sky beasts
  An orc warrior (D:9)
  A black bear (D:4)
  2 ogres
  3 centaurs
  2 phantoms
  2 kobold brigands
  2 bullfrogs
  2 scorpions
  4 wights (D:7)
  A troll zombie (D:9)
  9 killer bees (D:10)
  3 howler monkeys
  3 hounds
  3 jellies
  4 orc priests
  4 iguanas
  Natasha (thrice) (D:2)
  9 orc wizards
  5 ogre zombies (D:9)
  4 gnolls
  7 adders
  A shadow imp (D:5)
  4 white imps
  A worm (D:4)
  2 dart slugs
  30 orcs
  4 endoplasms
  5 giant cockroaches
  4 hobgoblins
  2 quokkas
  4 ball pythons
  4 frilled lizards
  3 goblins
  A goblin zombie (D:9)
  A hobgoblin skeleton (D:9)
  3 hobgoblin zombies (D:9)
  9 kobolds
  2 orc skeletons (D:9)
  12 orc zombies (D:9)
  2 rats
210 creatures vanquished.

Vanquished Creatures (collateral kills)
  Jessica (D:2)
1 creature vanquished.

Vanquished Creatures (others)
  A fungus (D:9)
  9 plants
10 creatures vanquished.

Grand Total: 221 creatures vanquished

Notes
Turn   | Place    | Note
-------+----------+-------------------------------------------
     0 | D:1      | Linkola the Minotaur Fighter began the quest for the Orb.
     0 | D:1      | Reached XP level 1. HP: 19/19 MP: 0/0
   126 | D:1      | Found a faded altar of an unknown god.
   228 | D:1      | Reached XP level 2. HP: 22/27 MP: 1/1
   598 | D:2      | Noticed Natasha
   604 | D:2      | Noticed a crimson imp
   608 | D:2      | Killed Natasha
   609 | D:2      | Reached skill level 1 in Throwing
   609 | D:2      | Reached XP level 3. HP: 25/33 MP: 2/2
   775 | D:2      | Noticed Natasha
   783 | D:2      | Reached XP level 4. HP: 30/40 MP: 3/3
   799 | D:2      | Killed Natasha
   831 | D:2      | Noticed Natasha
   841 | D:2      | Killed Natasha
  1173 | D:2      | Noticed Jessica
  1179 | D:2      | Killed Jessica
  1180 | D:2      | Reached skill level 1 in Maces & Flails
  1180 | D:2      | Reached XP level 5. HP: 47/47 MP: 4/4
  1403 | D:3      | Found Rabentetz's Weapon Emporium.
  2113 | D:3      | Noticed Sigmund
  2127 | D:3      | Reached skill level 5 in Armour
  2138 | D:3      | Killed Sigmund
  2139 | D:3      | Reached skill level 2 in Maces & Flails
  2139 | D:3      | Reached XP level 6. HP: 11/53 MP: 5/5
  2688 | D:4      | Found a hide-covered altar of Uskayaw.
  2699 | D:4      | You fall into a shaft and drop 1 floor!
  2699 | D:5      | Entered Level 5 of the Dungeon
  2732 | D:4      | Found a staircase to the Ecumenical Temple.
  2750 | D:4      | Reached skill level 3 in Maces & Flails
  2750 | D:4      | Reached skill level 1 in Dodging
  2757 | Temple   | Entered the Ecumenical Temple
  2767 | Temple   | Became a worshipper of the Wu Jian Council
  3029 | D:4      | Reached XP level 7. HP: 51/60 MP: 6/6
  3214 | D:4      | Reached skill level 5 in Fighting
  3214 | D:4      | Reached skill level 4 in Maces & Flails
  3214 | D:4      | Reached skill level 5 in Shields
  3900 | D:5      | Reached skill level 5 in Maces & Flails
  3900 | D:5      | Reached XP level 8. HP: 50/68 MP: 7/7
  4058 | D:5      | Reached * piety under Wu Jian
  4340 | D:5      | Found Gienk's Fire Supplies.
  4443 | D:5      | Noticed Pikel
  4515 | D:5      | Killed Pikel
  4516 | D:5      | Reached skill level 6 in Maces & Flails
  4881 | D:6      | Reached skill level 7 in Maces & Flails
  4881 | D:6      | Reached skill level 5 in Throwing
  4905 | D:6      | Reached XP level 9. HP: 58/75 MP: 8/8
  5010 | D:6      | Noticed a two-headed ogre
  5018 | D:6      | Killed a two-headed ogre
  5360 | D:6      | Found a bloodstained altar of Trog.
  5362 | D:6      | Found an ancient bone altar of Kikubaaqudgha.
  5426 | D:6      | Reached skill level 8 in Maces & Flails
  5970 | D:7      | Found a glowing golden altar of the Shining One.
  6128 | D:7      | Reached skill level 9 in Maces & Flails
  6372 | D:7      | Reached XP level 10. HP: 84/84 MP: 9/9
  6799 | D:7      | Identified the +2 pair of boots "Nesuuhor" {Harm Drain
                  | Str+2}
  7198 | D:8      | Found a runed translucent gate.
  7198 | D:8      | Found a runed translucent gate.
  7199 | D:8      | Found a runed translucent gate.
  7201 | D:8      | Noticed manix's ghost (novice GrEE)
  7997 | D:8      | Reached ** piety under Wu Jian
  8131 | D:8      | Killed manix's ghost
  8240 | D:9      | Noticed Joseph
  8240 | D:9      | Found Ficzuc's General Store.
  8253 | D:9      | Killed Joseph
  8338 | D:9      | Identified a scroll of acquirement
  8338 | D:9      | Acquired 1385 gold pieces
  8367 | D:9      | Bought the ring of the Hare {EV+8} for 1536 gold pieces
  8367 | D:9      | Found the ring of the Hare {EV+8}
  8424 | D:9      | Reached skill level 10 in Armour
  8431 | D:9      | Reached skill level 10 in Maces & Flails
  8637 | D:9      | Identified the +7 dagger of Janiaxti {freeze, Contam rElec
                  | rF+++ Dex+4}
  8648 | D:9      | Reached *** piety under Wu Jian
  8771 | D:9      | Found Duthrywi's General Store.
  8801 | D:9      | Found Fujexej's Antique Weapon Boutique.
  8943 | D:9      | Noticed Maurice
  8944 | D:9      | Paralysed by Maurice for 5 turns
  8964 | D:9      | Killed Maurice
  9015 | D:9      | Found a staircase to the Orcish Mines.
  9172 | D:9      | Found a runed translucent door.
  9173 | D:9      | Noticed SnailSD's ghost (journeyman MiBe)
  9173 | D:9      | Identified the +2 trident of Oenomania {holy, Str+4}
  9307 | D:9      | Reached skill level 5 in Dodging
  9307 | D:9      | Reached XP level 11. HP: 94/94 MP: 8/10
  9316 | D:9      | Killed SnailSD's ghost
  9601 | D:10     | Entered Level 10 of the Dungeon
  9740 | D:10     | Noticed an ogre mage
  9748 | D:10     | Killed an ogre mage
  9749 | D:10     | Reached skill level 1 in Short Blades
  9749 | D:10     | Noticed a centaur warrior
  9749 | D:10     | Noticed a wizard
  9768 | D:10     | Killed a wizard
  9792 | D:10     | Killed a centaur warrior
  9793 | D:10     | Reached skill level 11 in Maces & Flails
 10274 | D:10     | Found a staircase to the Lair.
 10351 | D:11     | Noticed Urug
 10369 | D:11     | Reached **** piety under Wu Jian
 10371 | D:11     | Slain by Urug

Illustrated notes

Levels and vault maps discovered:
D:1:      dpeg_arrival_shrine, layout_rooms, ebering_ecumenical_altar_ruins,
          nicolae_grassy_gnolls
D:2:      layout_rooms, uniq_jessica, uniq_natasha
D:3:      layout_loops_corners, serial_shops, nicolae_shop_bloodbath_and_beyond,
          uniq_sigmund
D:4:      layout_basic, nicolae_uskayaw_dance_hall,
          minmay_temple_entry_mini_moons, grunt_ministairs_12
D:5:      layout_basic, kennysheep_small_spiral, nicolae_shop_fire_sale
          [nicolae_sub_dead_trees], uniq_pikel
D:6:      layout_rooms, minitemple
D:7:      layout_basic, nicolae_overflow_crystal_walls, minmay_fountain_box,
          minmay_ruffians
D:8:      layout_cave_pods, gammafunk_ghost_split,
          chequers_serial_rivers_micro_d
D:9:      layout_roguey, zombieorc1_lemuel, ebering_ghost_funeral_grove,
          serial_shops, nicolae_stop_n_shop_1, shop, shop, uniq_joseph,
          uniq_maurice
D:10:     layout_irregular_city, dpeg_oklobed_lair, skrybe_limestone_x,
          kb_rosetta
D:11:     layout_big_octagon, cheibrodos_worm_habitat, uniq_urug
Temple:   nicolae_temple_no_exploring_needed

Skill      XL: |  1  2  3  4  5  6  7  8  9 10 11 |
---------------+----------------------------------+-----
Armour         | 4 5 6 7 9 10 | 10.8
Fighting       | 4 5 6 8 |  8.7
Throwing       | 1 2 3 4 5 7 8 |  8.3
Shields        | 4 5 6 |  6.9
Polearms       | 3 |  3.4
Maces & Flails | 1 2 3 5 7 9 10 11 | 11.1
Dodging        | 1 2 3 5 6 |  6.4
Short Blades   | 3 |  3.4

Action                   |  1- 3 |  4- 6 |  7- 9 | 10-12 || total
-------------------------+-------+-------+-------+-------++-------
Melee: Trident           |    28 |       |       |       ||    28
       Headbutt          |     4 |    14 |    26 |    68 ||   112
       Whip              |    11 |    98 |   162 |   141 ||   412
       Dagger            |       |       |       |   140 ||   140
Throw: Stone             |     5 |     7 |    44 |    57 ||   113
       Dart              |       |     2 |       |       ||     2
Invok: Lunge             |       |     5 |    21 |    33 ||    59
       Whirlwind         |       |       |     3 |    33 ||    36
  Use: Scroll            |     2 |     6 |     7 |     7 ||    22
       Potion            |       |       |       |     2 ||     2
 Stab: Distracted        |       |       |     1 |       ||     1
Armor: Scale mail        |    17 |    31 |    35 |    66 ||   149
Dodge: Dodged            |    16 |    44 |    45 |   167 ||   272
Block: Buckler           |     5 |    20 |    11 |    43 ||    79
